 Dungeon Crawl Stone Soup version 0.21-a0-578-gc6e9d75 (webtiles) character file.

9083 Gaball the Thaumaturge (level 11, -1/54 HPs)
             Began as a Deep Elf Air Elementalist on Dec 18, 2017.
             Was a Priest of Elyvilon.
             Slain by a yak (13 damage)
             ... on level 10 of the Dungeon.
             The game lasted 00:50:44 (12831 turns).

Gaball the Thaumaturge (Deep Elf Air Elementalist) Turns: 12831, Time: 00:50:45

Health: -1/54      AC:  4    Str:  5    XL:     11   Next: 18%
Magic:  4/29       EV: 15    Int: 24    God:    Elyvilon [***...]
Gold:   551        SH:  3    Dex: 15    Spells: 23/35 levels left

rFire    . . .     SeeInvis +   p - +5 whip of Toxzoefa {freeze, *Noise rElec rC+++ SInv}
rCold    + + +     Gourm    .   n - +0 buckler
rNeg     . . .     Faith    .   v - +1 robe {MR+}
rPois    .         Spirit   .   (no helmet)
rElec    +         Reflect  .   (no cloak)
rCorr    .         Harm     .   (no gloves)
MR       ++...                  O - +0 pair of boots
Stlth    ++++......             (no amulet)
HPRegen  0.18/turn              (no ring)
MPRegen  0.21/turn              (no ring)

@: no status effects
A: no striking features
a: Lesser Healing, Heal Other, Purification, Divine Protection, Renounce
Religion


You were on level 10 of the Dungeon.
You worshipped Elyvilon.
Elyvilon was most pleased with you.
You were not hungry.

You visited 2 branches of the dungeon, and saw 11 of its levels.
You also visited: Ossuary.

You collected 551 gold pieces.

Inventory:

Hand Weapons
 g - a +2 dagger of freezing
 p - the +5 whip of Toxzoefa (weapon) {freeze, *Noise rElec rC+++ SInv}
   (You found it on level 4 of the Dungeon)

   It has been specially enchanted to freeze those struck by it, causing extra
   injury to most foes and up to half again as much damage against particularly
   susceptible opponents.
   It can also slow down cold-blooded creatures.
   It renders you almost immune to cold.
   It insulates you from electricity.
   It lets you see invisible.
   It may make noises in combat.
 H - the +6 rapier of the Little People {holy, Int+5, unknown}
   (You found it on level 6 of the Dungeon)

   It has been blessed by the Shining One to cause great damage to the undead
   and demons.
   It affects your intelligence (+5).
Missiles
 K - 2 throwing nets (quivered)
Armour
 a - a +0 robe
 n - a +0 buckler (worn)
 v - a +1 robe of magic resistance (worn)
 y - a +0 robe of positive energy
 L - +0 steam dragon scales
 O - a +0 pair of boots (worn)
Jewellery
 E - an uncursed ring of resist corrosion
Wands
 s - a wand of digging (4)
 u - a wand of flame (57)
 M - a wand of enslavement (9)
 N - a wand of iceblast (12)
Scrolls
 e - 2 scrolls of fear {unknown}
 f - 8 scrolls of remove curse
 i - 5 scrolls of teleportation
 o - 3 scrolls of amnesia
 q - a scroll of enchant armour {unknown}
 r - 3 scrolls of magic mapping
 x - a scroll of summoning {unknown}
 B - a scroll of blinking {unknown}
 C - 3 scrolls of immolation
 F - a scroll of random uselessness {unknown}
 G - a scroll of identify
Potions
 d - 2 potions of cancellation
 h - 7 potions of curing
 j - 4 potions of berserk rage
 k - a potion of haste
 l - 3 potions of brilliance
 m - 3 potions of heal wounds
 t - 2 potions of resistance {unknown}
 w - a potion of mutation {unknown}
 z - a potion of flight {unknown}
 A - 2 potions of magic
 D - 2 potions of agility {unknown}
 I - a potion of might {unknown}
 J - a potion of invisibility {unknown}
Books
 b - a book of Air

   Spells                             Type                      Level
   a - Shock                          Conjuration/Air              1
   b - Swiftness                      Charms/Air                   2
   c - Static Discharge               Conjuration/Air              3
   d - Airstrike                      Air                          4
   e - Lightning Bolt                 Conjuration/Air              5
Comestibles
 c - 19 rations
 P - 9 chunks of flesh


   Skills:
 + Level 6.5 Dodging
 - Level 7.2 Stealth
 + Level 12.6 Spellcasting
 + Level 10.5 Conjurations
 - Level 8.9 Air Magic


You had 23 spell levels left.
You knew the following spells:

 Your Spells              Type           Power        Failure   Level  Hunger
a - Shock                 Conj/Air       ####         1%          1    None
b - Airstrike             Air            ######....   1%          4    None
c - Swiftness             Chrm/Air       #####...     1%          2    None
d - Lightning Bolt        Conj/Air       ######....   3%          5    ###....


Dungeon Overview and Level Annotations

Branches:
Dungeon (10/15)            Temple (1/1) D:4            Lair (0/6) D:8
    Orc: D:9-12

Altars:
Dithmenos
Elyvilon
Fedhas
Gozag
Hepliaklqana
Kikubaaqudgha
Nemelex Xobeh
Okawaru
Ru
Sif Muna
Trog
Uskayaw
Vehumet
Wu Jian
Yredelemnul
Zin
The Shining One

Shops:
D:9 %

Annotations:
D:9 exclusions: killer bee and obsidian statue
D:10 4 runed doors


Message History

Casting: Shock
Confirm with . or Enter, or press ? or * to list all spells.
Aiming: Airstrike
Press: ? - help, Dir - move target cursor, f - yak
Aim: a yak (lightly wounded)
The air twists around and strikes the yak!
The yak is moderately wounded.
The yak barely misses you.
Unknown command.
Casting: Airstrike
Confirm with . or Enter, or press ? or * to list all spells.
Aiming: Airstrike
Press: ? - help, Dir - move target cursor, f/p - yak
Aim: a yak (moderately wounded)
The air twists around and strikes the yak!
The yak is heavily wounded.
The yak gores you!
* * * LOW HITPOINT WARNING * * *
You feel better. The yak gores you!
You die...

##### ##.... ##..... #
#...... #.### #.#
#.....< ....### #.#
#...... #...###.#
#...... #@.##.# ##......
......Y#.##.#####.......
......†#.##.............
.......#.##..###........
.......#....##...#......
....######.....###......
.##.# ##..#####.......
##..####...## #.....#+
>...........# #...###


You could see a yak.

Vanquished Creatures
  A two-headed ogre (D:9)
  Pikel (D:4)
  An ice statue (D:9)
  A troll (D:8)
  Grum (D:9)
  2 wyverns (D:9)
  4 yaks (D:10)
  Eustachio (D:4)
  2 steam dragons
  Menkaure (D:4)
  2 insubstantial wisps (D:7)
  A water moccasin (D:9)
  An orc warrior (D:8)
  2 phantoms
  7 sky beasts
  A black bear (D:6)
  6 ice beasts
  6 ogres
  4 wolves
  2 centaurs
  An elf zombie (Ossuary)
  Blork the orc (D:4)
  3 bullfrogs
  2 gnoll sergeants
  7 scorpions
  9 wights
  An electric eel (D:8)
  3 crimson imps
  2 bullfrog zombies
  A bullfrog skeleton (D:8)
  7 hounds
  3 centaur zombies
  4 jellies
  4 orc wizards
  5 orc priests
  3 centaur skeletons
  2 iguanas
  Natasha (twice) (D:2 D:1)
  A human zombie (Ossuary)
  9 worker ants
  A big kobold zombie (Ossuary)
  A hound zombie (Ossuary)
  2 mummies (Ossuary)
  A worker ant zombie (D:6)
  18 gnolls
  2 river rats (D:6)
  13 adders
  2 shadow imps (D:8)
  An adder skeleton (D:4)
  7 adder zombies
  2 worms (D:3)
  2 dart slugs
  6 leopard geckos
  30 orcs
  5 giant cockroaches
  18 goblins
  10 hobgoblins
  8 jackals
  20 kobolds
  A quokka (D:9)
  7 ball pythons
  10 bats
  6 frilled lizards
  3 goblin zombies (Ossuary)
  4 hobgoblin zombies (Ossuary)
  6 jackal zombies (Ossuary)
  2 kobold zombies (Ossuary)
  A leopard gecko skeleton (D:5)
  3 orc zombies (Ossuary)
  A quokka skeleton (D:9)
  3 quokka zombies (Ossuary)
  12 rats
325 creatures vanquished.

Vanquished Creatures (others)
  A centaur (D:5)
  An orc priest (D:5)
  A jelly (D:5)
  An orc wizard (D:5)
  An orc (D:5)
5 creatures vanquished.

Grand Total: 330 creatures vanquished

Notes
Turn   | Place    | Note
-------+----------+-------------------------------------------
     0 | D:1      | Gaball the Deep Elf Air Elementalist began the quest for the Orb.
     0 | D:1      | Reached XP level 1. HP: 10/10 MP: 6/6
   388 | D:1      | Reached XP level 2. HP: 15/15 MP: 6/8
   655 | D:1      | Reached XP level 3. HP: 19/19 MP: 5/10
  1592 | D:2      | Reached skill level 4 in Spellcasting
  1613 | D:2      | Noticed Natasha
  1621 | D:2      | Killed Natasha
  1621 | D:2      | Reached XP level 4. HP: 24/24 MP: 10/12
  1704 | D:2      | Learned a level 4 spell: Airstrike
  1707 | D:2      | Learned a level 2 spell: Swiftness
  1830 | D:2      | Found a faded altar of an unknown god.
  2010 | D:2      | Noticed Natasha
  2182 | D:1      | Killed Natasha
  2182 | D:1      | Reached XP level 5. HP: 28/28 MP: 2/14
  2551 | D:3      | Reached skill level 5 in Spellcasting
  2558 | D:3      | Found an iron altar of Okawaru.
  3207 | D:4      | Noticed Menkaure
  3210 | D:4      | Killed Menkaure
  3210 | D:4      | Reached XP level 6. HP: 32/32 MP: 2/16
  3286 | D:4      | Got a scorched whip
  3288 | D:4      | Identified the +5 whip of Toxzoefa {freeze, *Noise rElec rC+++ SInv} (You found it on level 4 of the Dungeon)
  3619 | D:4      | Noticed Blork the orc
  3646 | D:4      | Killed Blork the orc
  3646 | D:4      | Reached skill level 5 in Air Magic
  3661 | D:4      | Reached XP level 7. HP: 3/36 MP: 1/17
  3797 | D:4      | Reached skill level 6 in Spellcasting
  4143 | D:4      | Found a staircase to the Ecumenical Temple.
  4220 | D:3      | Found a basalt altar of Yredelemnul.
  4412 | D:4      | Noticed Eustachio
  4422 | D:4      | Killed Eustachio
  4422 | D:4      | Reached skill level 5 in Stealth
  4427 | D:4      | Reached skill level 5 in Conjurations
  4904 | D:5      | Entered Level 5 of the Dungeon
  4908 | D:5      | Reached skill level 7 in Spellcasting
  4981 | D:5      | Reached XP level 8. HP: 41/41 MP: 10/20
  4986 | D:5      | Noticed Pikel
  5059 | D:4      | Killed Pikel
  5166 | D:5      | Reached skill level 8 in Spellcasting
  5218 | D:5      | Found a sand-covered staircase.
  5233 | Ossuary  | Entered an ossuary
  6119 | D:5      | Found an ornate altar of the Wu Jian Council.
  6135 | D:5      | Found a sacrificial altar of Ru.
  6169 | D:5      | Found a sparkling altar of Nemelex Xobeh.
  6198 | D:5      | Found a bloodstained altar of Trog.
  6383 | D:5      | Reached XP level 9. HP: 33/45 MP: 9/23
  6390 | D:5      | Learned a level 5 spell: Lightning Bolt
  6727 | D:6      | Reached skill level 9 in Spellcasting
  6866 | D:6      | Found a glowing silver altar of Zin.
  7033 | D:6      | Found a glowing drain.
  7089 | D:6      | Found an opulent altar of Gozag.
  7237 | Temple   | Entered the Ecumenical Temple
  7271 | Temple   | Became a worshipper of Elyvilon the Healer
  7568 | D:6      | Got a pitted rapier
  8174 | D:7      | Reached * piety under Elyvilon
  8260 | D:7      | Reached skill level 10 in Spellcasting
  8787 | D:7      | Reached XP level 10. HP: 50/50 MP: 15/26
  9599 | D:8      | Reached skill level 11 in Spellcasting
 10139 | D:8      | Reached ** piety under Elyvilon
 10620 | D:8      | Found a staircase to the Lair.
 10715 | D:8      | Found a deep blue altar of Sif Muna.
 11022 | D:9      | Found an ornate altar of the Wu Jian Council.
 11027 | D:9      | Noticed Grum
 11032 | D:9      | Killed Grum
 11197 | D:9      | Reached skill level 5 in Dodging
 11353 | D:9      | Noticed an ice statue
 11601 | D:9      | Killed an ice statue
 11601 | D:9      | Reached skill level 12 in Spellcasting
 11601 | D:9      | Reached skill level 10 in Conjurations
 11863 | D:9      | Noticed an obsidian statue
 12314 | D:9      | Noticed a two-headed ogre
 12329 | D:9      | Killed a two-headed ogre
 12329 | D:9      | Reached XP level 11. HP: 54/54 MP: 0/29
 12432 | D:9      | Found Ysats's Food Emporium.
 12618 | D:10     | Entered Level 10 of the Dungeon
 12621 | D:10     | Found a runed door.
 12640 | D:10     | Found a runed door.
 12682 | D:10     | Found a runed door.
 12698 | D:10     | Found a runed door.
 12756 | D:10     | Reached *** piety under Elyvilon
 12831 | D:10     | Slain by a yak

Vault maps used:
D:1:      elethiomel_arrival_diamonds
D:2:      chequers_ecumenical_altar_simple, minmay_small_reverse_x, uniq_natasha
D:3:      lemuel_upstairs_altar, old_standard_altar, kennysheep_cross_room,
          minmay_bisected
D:4:      corexii_shantytown, temple_fountains, uniq_eustachio,
          uniq_blork_the_orc, uniq_menkaure
D:5:      nicolae_overflow_quartered_altars, first_ration, enter_ossuary_3,
          uniq_pikel
D:6:      kennysheep_six_static_rooms, nicolae_gozag_seed_capital,
          portal_sewer_entry_e, basic_altar
D:7:      grunt_ogre_cave, hangedman_misty_isle
D:8:      kennysheep_orc_sif_temple, erik_lair_island
D:9:      minmay_separated_statues, serial_shops, kennysheep_mini_moat,
          special_room, basic_altar, uniq_grum
D:10:     minmay_smoke_and_mirrors, orc_0_dummy, minmay_statue_crystal_thing
Temple:   regret_index_temple_sphere_string
Ossuary:  minmay_ossuary_two_tombs

Skill      XL: |  1  2  3  4  5  6  7  8  9 10 |
---------------+-------------------------------+-----
Conjurations   | 2 3 4 5 6 8 10 | 10.5
Spellcasting   | 4 5 7 8 10 12 | 12.6
Air Magic      | 4 5 6 8 |  8.9
Stealth        | 3 4 5 7 |  7.2
Dodging        | 6 |  6.5

Action                   |  1- 3 |  4- 6 |  7- 9 | 10-12 || total
-------------------------+-------+-------+-------+-------++-------
Melee: Unarmed           |     2 |       |       |       ||     2
       Dagger            |    32 |    30 |       |       ||    62
       Whip              |       |    18 |    65 |    11 ||    94
 Cast: Shock             |    79 |   130 |   300 |   217 ||   726
       Airstrike         |       |     5 |    60 |   106 ||   171
       Swiftness         |       |     2 |     2 |       ||     4
Evoke: Wand              |       |       |       |     1 ||     1
  Use: Scroll            |       |       |    11 |     3 ||    14
       Potion            |       |       |       |     1 ||     1
 Stab: Sleeping          |     1 |     2 |       |     1 ||     4
  Eat: Chunk             |     1 |     8 |    12 |    12 ||    33
       Ration            |       |       |     2 |       ||     2
Armor: Robe              |    12 |    16 |    19 |     6 ||    53
Dodge: Dodged            |    55 |    70 |    87 |    54 ||   266
Block: Buckler           |       |    15 |    15 |    11 ||    41

Table legend:
 A = Spawn XP
 B = Non-spawn XP
 C = Spawn XP percentage of total XP
 D = Spawn monster count
 E = Non-spawn monster count
 F = Spawn count percentage of total count
 G = Total turns spent on level
                    A         B        C        D         E        F      G
               +---------+---------+-------+---------+---------+-------+---------
         Total |       0 |   12976 |   0.0 |       0 |     325 |   0.0 | 12831
               +---------+---------+-------+---------+---------+-------+---------
           D:1 |       0 |      90 |   0.0 |       0 |      34 |   0.0 |  1667
           D:2 |       0 |     124 |   0.0 |       0 |      26 |   0.0 |   590
           D:3 |       0 |     139 |   0.0 |       0 |      25 |   0.0 |   975
           D:4 |       0 |    1610 |   0.0 |       0 |      56 |   0.0 |  1899
           D:5 |       0 |     632 |   0.0 |       0 |      12 |   0.0 |   649
           D:6 |       0 |    1123 |   0.0 |       0 |      27 |   0.0 |  1397
           D:7 |       0 |    1959 |   0.0 |       0 |      26 |   0.0 |  1111
           D:8 |       0 |    2483 |   0.0 |       0 |      44 |   0.0 |  1965
           D:9 |       0 |    3363 |   0.0 |       0 |      31 |   0.0 |  1563
          D:10 |       0 |    1133 |   0.0 |       0 |      10 |   0.0 |   213
       Ossuary |       0 |     320 |   0.0 |       0 |      34 |   0.0 |   738
               +---------+---------+-------+---------+---------+-------+---------
